 Dungeon Crawl Stone Soup version 0.24-a0-282-g1a68c91 (webtiles) character file.

Game seed: 16624525114492458059

35 mhoghedin the Chiller (level 3, 0/24 HPs)
             Began as a Vampire Ice Elementalist on May 2, 2019.
             Slain by an orc priest
             ... wielding a +0 club
              (5 damage)
             ... on level 2 of the Dungeon.
             The game lasted 00:02:47 (1084 turns).

mhoghedin the Chiller (Vampire Ice Elementalist)    Turns: 1084, Time: 00:02:48

Health: 0/24       AC:  2    Str:  7    XL:     3   Next: 16%
Magic:  0/6        EV: 12    Int: 18    God:
Gold:   78         SH:  0    Dex: 14    Spells: 5/6 levels left

rFire    . . .     SeeInvis +   d - +0 club
rCold    + . .     Gourm    .   (no shield)
rNeg     + . .     Faith    .   a - +0 robe
rPois    .         Spirit   .   (no helmet)
rElec    .         Reflect  .   (no cloak)
rCorr    .         Harm     .   (no gloves)
MR       .....                  (no boots)
Stlth    ++........             (no amulet)
HPRegen  0.08/turn              f - ring of protection from cold {rC+, !d}
MPRegen  0.10/turn              (no ring)

@: no status effects
A: fangs 3, see invisible, unbreathing
a: Bat Form


You were on level 2 of the Dungeon.
You were not thirsty.

You visited 1 branch of the dungeon, and saw 2 of its levels.

You collected 78 gold pieces.

Inventory:

Hand Weapons
 d - a +0 club (weapon)
   (You took it off a hobgoblin on level 1 of the Dungeon)
Armour
 a - a +0 robe (worn)
Jewellery
 f - a ring of protection from cold (left hand) {rC+, !d}
   (You found it on level 1 of the Dungeon)
Scrolls
 b - a scroll of fog {unknown}
 e - 3 scrolls of identify {unknown}
 h - a scroll of teleportation {unknown}
 i - a scroll of magic mapping {unknown}
Potions
 c - 3 potions of blood {@q1}
 g - 2 potions of brilliance {unknown}
 j - a potion of curing {unknown}
 k - a potion of degeneration {unknown}


   Skills:
 - Level 2.1 Dodging
 - Level 3.0 Stealth
 - Level 2.0 Spellcasting
   Level 0.6 Conjurations
 + Level 4.3 Ice Magic


You had 5 spell levels left.
You knew the following spells:

 Your Spells              Type           Power        Failure   Level  Hunger
a - Freeze                Ice            ###.         3%          1    #......

Your spell library contained the following spells:

 Spells                   Type           Power        Failure   Level  Hunger
 Throw Frost              Conj/Ice       ##....       10%         2    ###....
 Ozocubu's Armour         Chrm/Ice       #.......     22%         3    ###....
 Throw Icicle             Conj/Ice       ##......     54%         4    #####..
 Summon Ice Beast         Ice/Summ       #.......     58%         4    #####..


Dungeon Overview and Level Annotations

Branches:
Dungeon (2/15)

Altars:


Innate Abilities, Weirdness & Mutations

You have razor-sharp teeth.
You have supernaturally acute eyesight. (SInv)
You can survive without breathing.


Message History

No target in view!
No target in view!
No target in view!
Partly explored, can't reach some places.
Partly explored, can't reach some places.
Health restored: 19 No target in view!
No target in view!
No target in view!
Partly explored, can't reach some places.
Partly explored, can't reach some places.
(D) Dungeon
Where to? (? - help)
Things that are here:
a +0 dagger; 2 stones
There is a stone staircase leading down here.
You climb downwards.
There is a stone staircase leading up here.
A hobgoblin and 2 kobolds come into view.
The kobold throws a stone.
The stone misses you.
You see here a stone.
The kobold throws a stone.
The stone barely misses you.
You see here a stone.
Sorry, you're not good enough to have a special ability.
Aim: a kobold You freeze the kobold.
You kill the kobold!
You now have 4/5 mp.
You can't see any susceptible monsters within range! (Use Z to cast anyway.) Unknown command.
The hobgoblin shouts!
An orc comes into view. It is wielding a +0 dagger.
An orc comes into view. It is wielding a +0 club.
Aim: a kobold, wielding a +0 dagger You freeze the kobold.
You kill the kobold!
You have reached level 3!
Your experience leads to an increase in your attributes!
Increase (S)trength, (I)ntelligence, or (D)exterity?
You feel clever.
You can now transform into a vampire bat.
The orc shouts! x2
An orc comes into view. It is wielding a +0 mace.
Health restored: 24 You now have 3/6 mp.
What are your orders? t - Shout!
Orders for allies: a - Attack new target. r - Retreat! s - Stop attacking. g - Guard the area. f - Follow me.
Anything else - Cancel.
You shout for attention!
The orc shouts!
You hear a shout! x2
An orc priest comes into view. It is wielding a +0 club.
You see here a stone.
There is a stone staircase leading up here.
Aim: an orc, wielding a +0 dagger You freeze the orc.
The orc barely misses you.
You now have 3/6 mp.
Aim: an orc, wielding a +0 dagger (severely wounded)
You freeze the orc!
You kill the orc!
You now have 2/6 mp.
You start resting.
The orc is too close now for your liking.
You see here a +0 dagger.
Aim: an orc, wielding a +0 club and wearing a +0 ring mail You freeze the orc!
You kill the orc!
The orc hits you but does no damage.
You now have 2/6 mp.
There is a stone staircase leading up here.
Aim: an orc, wielding a +0 mace You freeze the orc.
The orc barely misses you.
You now have 1/6 mp.
Aim: an orc, wielding a +0 mace (almost dead)
You freeze the orc.
You kill the orc!
You now have 0/6 mp.
You hit the orc priest but do no damage.
The orc priest begins to cast a cantrip, but forgets the words!
The orc priest barely misses you.
You hit the orc priest but do no damage.
The orc priest hits you with a +0 club.
You take 4 damage, and have 20/24 hp.
You hit the orc priest. The orc priest barely misses you.
You hit the orc priest but do no damage.
The orc priest hits you with a +0 club.
You take 6 damage, and have 14/24 hp.
MASSIVE DAMAGE!!
Aim: an orc priest, wielding a +0 club and wearing a +0 scale mail (lightly wounded)
You freeze the orc priest!
The orc priest calls down the wrath of Beogh upon you.
Beogh smites you!
* * * LOW HITPOINT WARNING * * *
You take 9 damage, and have 5/24 hp.
MASSIVE DAMAGE!!
You now have 0/6 mp.
You hit the orc priest but do no damage.
The orc priest hits you with a +0 club.
You die...

#..o....#
#..o....#
#.....#
#)..(.#
####.o...#
#.o(.....#
#.##(....#
###)##†....#
#@og##........
######........
#........
#........
#####.... ....


You could see an orc priest and a hobgoblin.

Vanquished Creatures
  An ooze (D:1)
  3 orcs (D:2)
  2 hobgoblins (D:1)
  2 jackals (D:1)
  6 bats (D:1)
  2 frilled lizards (D:1)
  2 goblins (D:1)
  5 kobolds
  5 rats (D:1)
28 creatures vanquished.

Notes
Turn   | Place    | Note
-------+----------+-------------------------------------------
     0 | D:1      | mhoghedin the Vampire Ice Elementalist began the quest for
                  | the Orb.
     0 | D:1      | Reached XP level 1. HP: 13/13 MP: 3/3
   227 | D:1      | Reached XP level 2. HP: 11/19 MP: 5/5
   706 | D:1      | Reached skill level 4 in Ice Magic
  1057 | D:2      | Reached XP level 3. HP: 24/24 MP: 3/6
  1083 | D:2      | HP: 5/24 [orc priest/divine providence (9)]
  1084 | D:2      | Slain by an orc priest

Levels and vault maps discovered:
D:1:      lightli_molten_gateway, layout_basic
D:2:      layout_basic, chequers_jeans, uniq_jessica

Skill      XL: |  1  2 |
---------------+-------+-----
Ice Magic      | 4 |  4.3
Dodging        | |  2.1
Stealth        | |  3.0
Spellcasting   | |  2.0
Conjurations   | |  0.6

Action                   || total
-------------------------++-------
Melee: Club              ||    42
       Bite              ||     2
 Cast: Freeze            ||    26
  Use: Potion            ||     2
 Stab: Sleeping          ||     2
Armor: Robe              ||    22
Dodge: Dodged            ||    55

Table legend:
 A = Non-vault XP
 B = Vault XP
 C = Vault XP percentage of total XP
 D = Non-vault monster count
 E = Vault monster count
 F = Vault count percentage of total count
                 A         B        C        D         E       F
            +---------+---------+-------+---------+---------+-------
      Total |      50 |       0 |   0.0 |      28 |       0 |   0.0
            +---------+---------+-------+---------+---------+-------
        D:1 |      38 |       0 |   0.0 |      23 |       0 |   0.0
        D:2 |      12 |       0 |   0.0 |       5 |       0 |   0.0
            +---------+---------+-------+---------+---------+-------

Levels and vault maps discovered:
D:1:      lightli_molten_gateway, layout_basic
D:2:      layout_basic, chequers_jeans, uniq_jessica

Table legend:
 A = Turns spent in this place as a percentage of turns spent in the entire game.
 B = Non-inter-level travel turns spent in this place as a percentage of non-inter-level travel turns spent in the entire game.
 C = Inter-level travel turns spent in this place as a percentage of turns spent in this place.
 D = Turns resting spent in this place as a percentage of non-inter-level travel turns spent in this place.
 E = Turns spent auto-exploring this place as a percentage of non-inter-level travel turns spent in this place.
 F = Non-inter-level travel turns spent in this place divided by the number of levels of this place that you've seen.
                   A       B       C       D       E      F
               +-------+-------+-------+-------+-------+----------------------
         Total | 100.0 | 100.0 |   3.0 |  31.8 |  47.8 | 525.5
       Dungeon | 100.0 | 100.0 |   3.0 |  31.8 |  47.8 | 525.5
               +-------+-------+-------+-------+-------+----------------------

Table legend:
 A = Kills in this place as a percentage of kills in entire the game.
 B = Kills by you in this place as a percentage of kills by you in the entire game.
 C = Kills by friends in this place as a percentage of kills by friends in the entire game.
 D = Other kills in this place as a percentage of other kills in the entire game.
 E = Experience gained in this place as a percentage of experience gained in the entire game.
 F = Experience gained in this place divided by the number of levels of this place that you have seen.
                   A       B       C       D       E      F
               +-------+-------+-------+-------+-------+----------------------
         Total | 100.0 | 100.0 |   N/A |   N/A | 100.0 |  25.0
       Dungeon | 100.0 | 100.0 |   N/A |   N/A | 100.0 |  25.0
               +-------+-------+-------+-------+-------+----------------------
